Construct Section Command Post
Selects Canadian Shock Battlegroup
Selects Canadian Shock Battlegroup
Selects Canadian Shock Battlegroup
Selects Canadian Shock Battlegroup
Construct Platoon Command Post
Selects Canadian Shock Section
6-pounder Anti-tank Gun Team
Selects Incendiary Munitions
Unlock Bishop Self-propelled Artillery
Construct Company Command Post
Selects Demolition Engineering
Unlock Towed 17-pounder Anti-tank Guns